 Dungeon Crawl Stone Soup version 0.22.1-1-ga44c0e56f4 (webtiles) character file.

55 JedernureinKreuz the Conjurer (level 3, -1/26 HPs)
             Began as a Demigod Conjurer on Sept 20, 2018.
             Slain by Sigmund
             ... wielding a +0 scythe of distortion
              (2 damage)
             ... on level 2 of the Dungeon.
             The game lasted 00:05:18 (2034 turns).

JedernureinKreuz the Conjurer (Demigod Conjurer)    Turns: 2034, Time: 00:05:20

Health: -1/26      AC:  4    Str: 11    XL:     3   Next: 45%
Magic:  1/8        EV: 12    Int: 21    God:
Gold:   38         SH:  0    Dex: 16    Spells: 5/6 levels left

rFire    . . .     SeeInvis .   i - +0 dagger (elec)
rCold    . . .     Gourm    .   (no shield)
rNeg     . . .     Faith    .   h - +0 leather armour
rPois    .         Spirit   .   (no helmet)
rElec    .         Reflect  .   (no cloak)
rCorr    .         Harm     .   (no gloves)
MR       .....                  f - +0 pair of boots
Stlth    ++........             (no amulet)
HPRegen  0.08/turn              (no ring)
MPRegen  0.11/turn              (no ring)

@: no status effects
A: high mp 1
a: no special abilities


You were on level 2 of the Dungeon.
You were very hungry.

You visited 1 branch of the dungeon, and saw 2 of its levels.

You collected 38 gold pieces.

Inventory:

Hand Weapons
 b - a +0 dagger
 i - a +0 dagger of electrocution (weapon)
Missiles
 d - 26 arrows
 e - 71 bolts
 m - 9 poisoned needles
Armour
 a - a +0 robe
 f - a +0 pair of boots (worn)
 h - a +0 leather armour (worn)
Scrolls
 j - a scroll of remove curse {unknown}
 k - a scroll of identify {unknown}
 o - a scroll of enchant weapon {unknown}
Potions
 g - 2 potions of lignification {unknown}
 n - a potion of heal wounds {unknown}
Comestibles
 c - 2 rations


   Skills:
 + Level 1.0 Short Blades
 + Level 0.8 Armour
 + Level 2.2 Dodging
 + Level 2.1 Stealth
 + Level 2.0 Spellcasting
 + Level 4.0 Conjurations


You had 5 spell levels left.
You knew the following spells:

 Your Spells              Type           Power        Failure   Level  Hunger
a - Magic Dart            Conj           ###.         3%          1    #......

Your spell library contained the following spells:

 Spells                   Type           Power        Failure   Level  Hunger
 Searing Ray              Conj           ###...       5%          2    ##.....
 Dazzling Spray           Conj/Hex       ##....       26%         3    ###....
 Iskenderun's Mystic Bla  Conj           ###.....     36%         4    #####..
 Force Lance              Conj/Tloc      ##......     63%         4    #####..
 Fulminant Prism          Conj/Hex       ##........   63%         4    #####..


Dungeon Overview and Level Annotations

Branches:
Dungeon (2/15)

Annotations:
D:2 Sigmund


Innate Abilities, Weirdness & Mutations

You have an increased reservoir of magic. (+10% MP)


Message History

Aim: Sigmund, wielding a scythe of distortion and wearing a robe (severely The magic dart hits Sigmund.
Sigmund is severely wounded.
Sigmund hits you but does no damage. Space bends around you.
Casting: Magic Dart (safe; 3% risk of failure)
Confirm with . or Enter, or press ? or * to list all spells.
You don't have enough magic to cast that spell.
Unknown command.
Casting: Magic Dart (safe; 3% risk of failure)
Confirm with . or Enter, or press ? or * to list all spells.
You don't have enough magic to cast that spell.
Unknown command.
You closely miss Sigmund.
Sigmund is severely wounded.
Sigmund's eyes start glowing with a red light.
Sigmund hits you with a scythe of distortion!
Ouch! That really hurt!
* * * LOW HITPOINT WARNING * * *
Space bends around you.
You die...

#.# #.# #...#.#...........
#.# #.###............###..
#.# #....#..#........###..
#.# #.#.##................
#.# #.#..........##.#.#.#.
#.# #.####).###......###..
#.####.#####.###.....## ##.
#........<......#.##..###.#
######.##.@..........#.#.##
#.##.@.....#.##.##....
#.##............######
#.##.......#......>
#.##.......#######.
#)##.......#####
#########.###..........#
#.........# ###.######.#
#.######### #.# #.#


You could see Sigmund.

Vanquished Creatures
  An adder (D:2)
  An ooze (D:2)
  A dart slug (D:1)
  3 bats
  11 goblins
  3 hobgoblins
  4 jackals (D:2)
  3 ball pythons
  2 frilled lizards
  4 kobolds
  3 rats (D:1)
36 creatures vanquished.

Notes
Turn   | Place    | Note
-------+----------+-------------------------------------------
     0 | D:1      | JedernureinKreuz the Demigod Conjurer began the quest for
                  | the Orb.
     0 | D:1      | Reached XP level 1. HP: 14/14 MP: 5/5
   609 | D:1      | Reached XP level 2. HP: 17/20 MP: 1/7
  1435 | D:2      | Reached XP level 3. HP: 26/26 MP: 1/8
  1651 | D:2      | Reached skill level 1 in Short Blades
  1651 | D:2      | Reached skill level 4 in Conjurations
  1739 | D:2      | Noticed Sigmund
  2034 | D:2      | HP: 1/26 [Sigmund/scythe of distortion (14)]
  2034 | D:2      | Slain by Sigmund

Skill      XL: |  1  2  3 |
---------------+----------+-----
Dodging        | 2 |  2.2
Stealth        | 2 |  2.1
Spellcasting   | 2 |  2.0
Short Blades   | 1 |  1.0
Conjurations   | 4 |  4.0
Armour         | |  0.8

Action                   || total
-------------------------++-------
Melee: Dagger            ||    47
 Cast: Magic Dart        ||    58
 Stab: Sleeping          ||     3
  Eat: Chunk             ||     3
Armor: Robe              ||     8
       Leather armour    ||    11
Dodge: Dodged            ||    26
